 Dungeon Crawl Stone Soup version 0.29.0-4-gdea44cf6ec (webtiles) character file.

Game seed: 18418106501127145772

60 qw the Chopper (level 4, -11/36 HPs)
             Began as a Barachi Chaos Knight on Sept 6, 2022.
             Mangled by a gnoll
             ... wielding a +0 flail
              (12 damage)
             ... on level 2 of the Dungeon.
             The game lasted 00:00:31 (1013 turns).

qw the Chopper (Barachi Chaos Knight)               Turns: 1013, Time: 00:00:31

Health: -11/36     AC:  5    Str: 14 (15) XL:     4   Next: 4%
Magic:  4/4        EV: 11    Int: 11 (12) God:
Gold:   142        SH:  0    Dex: 12      Spells: 3/3 levels left

rFire   . . .      SeeInvis .   Y - +0 hand axe (chaos)
rCold   . . .      Faith    .   (no shield)
rNeg    . . .      Spirit   .   b - +2 leather armour
rPois   .          Reflect  .   (no helmet)
rElec   .          Harm     .   (no cloak)
rCorr   .          Rampage  .   (no gloves)
Will    .....                   (no boots)
Stlth   +.........              (no amulet)
HPRegen 0.12/turn               (no ring)
MPRegen 0.09/turn               (no ring)

@: unable to read, slow
A: amphibious, slowness 1, strong legs 1, +LOS, deterioration 1, inability to
read after injury 1
a: Hop


You were on level 2 of the Dungeon.
You visited 1 branch of the dungeon, and saw 2 of its levels.

You collected 142 gold pieces.


Innate Abilities, Weirdness & Mutations

You are amphibious.
You cover ground slowly.
You can hop short distances.
You have an extended range of vision and can be seen from far away.
Your body sometimes deteriorates upon taking damage.
You occasionally lose the ability to read scrolls when taking damage.


   Skills:
 - Level 3.6 Fighting
 + Level 5.3 Axes
 - Level 2.4 Armour
 - Level 1.1 Dodging


You had 3 spell levels left.
You didn't know any spells.
Your spell library was empty.

Inventory:

Hand Weapons
 Y - a +0 hand axe of chaos (weapon)
Armour
 b - a +2 leather armour (worn)
Scrolls
 a - a scroll of identify
Potions
 d - a potion of lignification {unknown}
Miscellaneous
 c - a piece from Xom's chessboard (15/15)

Dungeon Overview and Level Annotations

Branches:
Dungeon (2/15)

Altars:


Message History

The kobold is moderately wounded.
You kill the kobold!
A gnoll comes into view. It is wielding a +0 club.
You slash the gnoll!
The gnoll is poisoned.
The gnoll is heavily wounded.
The gnoll barely misses you.
You hit the gnoll. You freeze the gnoll.
The gnoll is severely wounded.
You hit the quokka but do no damage. The gnoll hits you with a +0 whip.
A rat comes into view.
The quokka barely misses you.
You hit the gnoll.
The gnoll looks as sick as possible!
The gnoll is almost dead.
You barely miss the quokka.
You kill the gnoll!
The quokka bites you.
You feel your intelligence returning.
You have reached level 4!
You feel agile.
You hit the gnoll. You freeze the gnoll.
The gnoll is lightly wounded.
You hit the gnoll. You hit the quokka. You burn the quokka.
The quokka barely misses you. The gnoll hits you with a +0 flail!
Your body deteriorates!
You feel weakened. The gnoll closely misses you.
You hit the quokka.
You kill the quokka!
You hit the gnoll.
The gnoll is poisoned.
You barely miss the gnoll. The gnoll hits you with a +0 flail.
The gnoll hits you with a +0 club!
You feel threatened and lose the ability to read scrolls!
You hit the gnoll.
The gnoll is poisoned.
The gnoll is heavily wounded.
You hit the gnoll but do no damage.
The gnoll suddenly seems more agile.
You closely miss the gnoll. The gnoll hits you but does no damage.
The gnoll hits you with a +0 club. x2
You closely miss the gnoll.
The gnoll is heavily wounded.
You hit the gnoll.
The gnoll is poisoned.
You closely miss the gnoll. The gnoll closely misses you.
The gnoll hits you with a +0 flail!
You die...

##### #
####.# .
.......######
.. #.rg@...#
... #..gg...#
. . #.......#
.. .........#
...#.......#
#.. ###.#####
#. .. # ..
...


You could see 3 gnolls and a rat.

Vanquished Creatures
  An adder (D:2)
  A gnoll (D:2)
  2 dart slugs
  4 endoplasms (D:1)
  3 giant cockroaches (D:1)
  5 hobgoblins (D:1)
  4 kobolds
  2 quokkas
  3 ball pythons (D:1)
  2 bats
  A frilled lizard (D:1)
  8 rats (D:1)
36 creatures vanquished.

Notes
Turn   | Place    | Note
-------+----------+-------------------------------------------
     0 | D:1      | qw the Barachi Chaos Knight began the quest for the Orb.
     0 | D:1      | Reached XP level 1. HP: 18/18 MP: 1/1
     0 | D:1      | 0 ||| qw: Version: 0.1-a-107-g9ff403c
     0 | D:1      | 0 ||| qw: Game counter: 6140
     0 | D:1      | 0 ||| qw: Always use a shield: true
     0 | D:1      | 0 ||| qw: God list: Okawaru
     0 | D:1      | 0 ||| qw: Allow faded altars: false
     0 | D:1      | 0 ||| qw: Do Orc after D:15 true
     0 | D:1      | 0 ||| qw: Do second Lair branch before Depths: true
     0 | D:1      | 0 ||| qw: Lair rune preference: random
     0 | D:1      | 0 ||| qw: Plans: Normal
     0 | D:1      | 0 ||| PLANNING D:1-11
     0 | D:1      | Fell from the grace of Xom
    52 | D:1      | 52 ||| Stepping ~*~*~tactically~*~*~ (stealth).
    72 | D:1      | Reached XP level 2. HP: 23/24 MP: 2/2
   131 | D:1      | 131 ||| Stepping ~*~*~tactically~*~*~ (stealth).
   134 | D:1      | 134 ||| Stepping ~*~*~tactically~*~*~ (stealth).
   135 | D:1      | 135 ||| Stepping ~*~*~tactically~*~*~ (stealth).
   152 | D:1      | Reached skill level 4 in Axes
   185 | D:1      | Found a faded altar of an unknown god.
   205 | D:1      | 205 ||| Stepping ~*~*~tactically~*~*~ (stealth).
   318 | D:1      | 318 ||| Stepping ~*~*~tactically~*~*~ (stealth).
   361 | D:1      | Reached XP level 3. HP: 27/29 MP: 3/3
   372 | D:1      | XOM: give mutations
   372 | D:1      | Gained mutation: You are partially covered in iridescent
                  | scales. (AC +2) [Xom's mischief]
   372 | D:1      | Lost mutation: You are partially covered in iridescent
                  | scales. (AC +2) [Xom's mischief]
   372 | D:1      | Gained mutation: You occasionally lose the ability to read
                  | scrolls when taking damage. [Xom's mischief]
   372 | D:1      | Gained mutation: Your body sometimes deteriorates upon
                  | taking damage. [Xom's mischief]
   412 | D:1      | 412 ||| Stepping ~*~*~tactically~*~*~ (hiding).
   514 | D:1      | 514 ||| Stepping ~*~*~tactically~*~*~ (hiding).
   617 | D:1      | 617 ||| Stepping ~*~*~tactically~*~*~ (hiding).
   618 | D:1      | 618 ||| Stepping ~*~*~tactically~*~*~ (hiding).
   924 | D:1      | XOM: stat loss: -2 Int (10/12)
   941 | D:1      | 941 ||| READING 2 scrolls labelled EDALEPT ESHROF.
   956 | D:2      | 956 ||| Stepping ~*~*~tactically~*~*~ (hiding).
   978 | D:2      | Reached skill level 5 in Axes
  1002 | D:2      | XOM: 3-stop teleportation journey
  1010 | D:2      | Reached XP level 4. HP: 27/36 MP: 4/4
  1012 | D:2      | HP: 5/36 [gnoll/+0 club (6)]
  1012 | D:2      | HP: 1/36 [gnoll/+0 club (4)]
  1013 | D:2      | Mangled by a gnoll

Levels and vault maps discovered:
D:1:      roderic_crossed_star, layout_rooms, basic_ecumenical_altar,
          minmay_rat_gold_closets
D:2:      layout_basic, minmay_misc_feat_encased, minmay_hexomino_f4,
          uniq_jessica

Skill      XL: |  1  2  3 |
---------------+----------+-----
Axes           | 4 5 |  5.3
Fighting       | |  3.6
Armour         | |  2.4
Dodging        | |  1.1

Action                   |  1- 3 |  4- 6 || total
-------------------------+-------+-------++-------
Melee: Hand axe          |    69 |     4 ||    73
       Punch             |     1 |       ||     1
Invok: Renounce Religion |     1 |       ||     1
  Use: Scroll            |     1 |       ||     1
Armor: Leather armour    |    18 |     1 ||    19
Dodge: Dodged            |    28 |     3 ||    31

Table legend:
 A = Non-vault XP
 B = Vault XP
 C = Vault XP percentage of total XP
 D = Non-vault monster count
 E = Vault monster count
 F = Vault count percentage of total count
                 A         B        C        D         E       F
            +---------+---------+-------+---------+---------+-------
      Total |      78 |       8 |   9.3 |      28 |       8 |  22.2
            +---------+---------+-------+---------+---------+-------
        D:1 |      41 |       8 |  16.3 |      22 |       8 |  26.7
        D:2 |      37 |       0 |   0.0 |       6 |       0 |   0.0
            +---------+---------+-------+---------+---------+-------
